 Dungeon Crawl Stone Soup version 0.29.1-2-gbd0b4ee654 (webtiles) character file.

Game seed: 8458876539919970518

2 funnyparkerb the Grave Robber (level 1, -3/13 HPs)
             Began as a Mummy Necromancer on Nov 20, 2022.
             Slain by a hobgoblin (5 damage)
             ... on level 1 of the Dungeon.
             The game lasted 00:01:00 (177 turns).

funnyparkerb the Grave Robber (Mummy Necromancer)    Turns: 177, Time: 00:01:00

Health: -3/13      AC:  0    Str: 11    XL:     1   Next: 33%
Magic:  4/4        EV: 12    Int: 14    God:
Gold:   8          SH:  0    Dex: 12    Spells: 4/5 levels left

rFire   x . .      SeeInvis .   (no weapon)
rCold   + . .      Faith    .   (no shield)
rNeg    + + +      Spirit   .   (no body armour)
rPois   ∞          Reflect  .   (no helmet)
rElec   .          Harm     .   (no cloak)
rCorr   .          Rampage  .   (no gloves)
Will    .....                   (no boots)
Stlth   ++........              (no amulet)
HPRegen 0.04/turn               (no ring)
MPRegen 0.09/turn               (no ring)

@: no status effects
A: cold resistance 1, negative energy resistance 3, torment resistance 2, heat
vulnerability 1, no potions
a: no special abilities


You were on level 1 of the Dungeon.
You visited 1 branch of the dungeon, and saw 1 of its levels.

You collected 8 gold pieces.

Inventory:

Armour
 a - a +0 robe
 b - a +2 robe of cold resistance


   Skills:
 - Level 1.5 Dodging
 - Level 1.5 Stealth
 + Level 2.8 Spellcasting
 + Level 4.0 Necromancy


You had 4 spell levels left.
You knew the following spells:

 Your Spells              Type           Power      Damage    Failure   Level
a - Necrotise             Necr           52%        1d6       4%          1

Your spell library contained the following spells:

 Spells                   Type           Power      Damage    Failure   Level
 Vampiric Draining        Necr           13%        2d6       12%         3
 Animate Dead             Necr           13%        N/A       38%         4
 Agony                    Necr           13%        N/A       75%         5


Dungeon Overview and Level Annotations

Branches:
Dungeon (1/15)

Altars:


Innate Abilities, Weirdness & Mutations

You are immune to poison.
Your flesh is cold resistant. (rC+)
You are immune to negative energy. (rN+++)
You are immune to unholy pain and torment.
You are vulnerable to heat. (rF-)
You do not drink.


Message History

You see here a +2 robe of cold resistance.
b - a +2 robe of cold resistance The quokka attacks as you move away!
The quokka misses you.
Casting: Necrotise (safe; 4% risk of failure)
Confirm with . or Enter, or press ? or * to list all spells.
Aiming: Necrotise (safe; 4% risk of failure)
Press: ? - help, Shift-Dir - straight line, f - quokka
Aim: a quokka (ally target, chance to affect: 83%)
You miscast Necrotise.
You are very lightly contaminated with residual magic.
Nothing appears to happen.
The quokka closely misses you.
The quokka writhes in agony.
The quokka barely misses you.
Your hobgoblin skeleton closely misses the quokka.
The quokka barely misses you.
The quokka writhes in agony.
You kill the quokka!
The dead are hopping!
Your hobgoblin skeleton crumbles into dust!
Your magical contamination has completely faded away.
Your quokka skeleton crumbles into dust!
Magic restored.
HP restored.
A hobgoblin comes into view.
The hobgoblin shouts!
You aren't carrying any pieces of jewellery.
You start removing your armour.
You continue taking off your +0 robe. x4
The hobgoblin barely misses you.
You finish taking off your +0 robe.
You start putting on your armour.
You continue putting on your +2 robe of cold resistance.
The hobgoblin hits you.
Keep equipping yourself?
You continue putting on your +2 robe of cold resistance.
The hobgoblin hits you.
You continue putting on your +2 robe of cold resistance.
The hobgoblin hits you.
* * * LOW HITPOINT WARNING * * *
You continue putting on your +2 robe of cold resistance.
The hobgoblin hits you.
You die...

.# ##.# #.. ##....#
.# #.# ##. ###+# .#
#.# .# #.# .# #.# .#
#.# .#####.###
.........##########
#####...........@.#
#..#.########g#
#.......# #.#
#.#####.#####.#####.#
#.# #.............#
#.# #........######
..# #.###.#..# ..#
#.# #.#..# ..#
#.#..####...


You could see a hobgoblin.

Vanquished Creatures
  A hobgoblin (D:1)
  A quokka (D:1)
2 creatures vanquished.

Notes
Turn   | Place    | Note
-------+----------+-------------------------------------------
     0 | D:1      | funnyparkerb the Mummy Necromancer began the quest for the
                  | Orb.
     0 | D:1      | Reached XP level 1. HP: 13/13 MP: 4/4
   177 | D:1      | Slain by a hobgoblin

Illustrated notes

Levels and vault maps discovered:
D:1:      dpeg_arrival_long_road, layout_loops_ring

Action                   || total
-------------------------++-------
Melee: Unarmed           ||     5
 Cast: Necrotise         ||     3
Armor: Robe              ||     1
Dodge: Dodged            ||     7
